AoeStats
← Michi3052

Arena

508500826Analyzed
1v1 RM · 9d ago on Sep 22, 2026· 18m 28s· 2 players
Game mode
Random Map
Map size
Tiny (2 player)
Population
200
Speed
Normal
Resources
Standard
Victory
Conquest
Starting age
Dark Age
Ending age
Imperial Age
RankedLock teamsTeams togetherTeam positionsShared explorationLock speedFull tech treeHidden civsTurbo modeCheats
Victory
Defeat
🇪🇸 Cumans · Spain
703
+16
🇪🇸 Spanish · Spain
699
-16
blb_00
0:59 Loom
11:47 Feudal Age
13:09 Wheelbarrow
12:20 Double-Bit Axe
20:06 Castle Age
Michi3052
11:00 Feudal Age
11:10 Man-at-Arms
14:39 Double-Bit Axe
Connection lost

Rejoining the realm…

Still unreachable

The connection could not be restored.

Session expired

The server has moved on; the page needs a fresh start.